Map: Dusk Towers

Players

sOra

  • Race: Zerg Zerg
  • League: Silver

ILLBdA - Winner!

  • Race: Protoss Protoss
  • League: Diamond

VOD

Have the link to the VOD?

Description

Time

  • Played on: Jan. 3, 2016, 7:50 a.m.
  • Length: 14:52
Show
View Real Time Build Order
Export as new Build Order

sOra Zerg 

Build Orders: Hatch First, Lurkers 

Get SALT Encoding   

  12  0:01  Drone  
  13  0:12  Overlord  
  13  0:18  Drone  
  14  0:30  Drone  
  14  0:31  Drone  
  16  0:37  Drone  
  17  0:52  Hatchery  
  17  0:56  Drone  
  17  1:03  Extractor  
  16  1:13  Spawning Pool  
  16  1:15  Drone  
  16  1:19  Drone  
  17  1:29  Drone x2  
  19  1:38  Overlord  
  19  1:59  Zergling x2  
  19  2:00  Zergling x2  
  21  2:07  Queen  
  21  2:08  Queen  
  23  2:09  Metabolic Boost  
  25  2:17  Drone x2  
  25  2:20  Drone  
  28  2:24  Drone  
  28  2:27  Drone  
  30  2:32  Overlord  
  30  2:37  Drone  
  30  2:43  Drone  
  32  2:56  Drone x2  
  32  2:58  Hatchery  
  33  2:59  Drone  
  33  3:04  Drone  
  35  3:15  Zergling x2  
  35  3:16  Zergling x2  
  35  3:17  Overlord x2  
  35  3:19  Zergling x6  
  40  3:20  Zergling x2  
  41  3:29  Zergling x4  
  43  3:38  Zergling x2  
  44  3:42  Drone, Extractor  
  44  3:43  Queen, Extractor  
  44  3:44  Queen  
  47  3:54  Drone x3  
  50  3:57  Drone  
  50  3:58  Drone x4  
  55  4:08  Drone x2  
  57  4:21  Drone x2  
  57  4:22  Queen  
  57  4:24  Lair  
  61  4:36  Drone x5  
  61  4:38  Overlord x3  
  66  4:39  Extractor  
  66  4:41  Drone  
  66  4:45  Overlord  
  66  4:46  Extractor x2  
  63  4:54  Drone x3  
  63  4:56  Overlord  
  66  5:10  Drone  
  66  5:11  Drone  
  68  5:17  Drone x2  
  70  5:28  Hydralisk Den  
  69  5:31  Evolution Chamber  
  69  5:32  Evolution Chamber  
  67  5:37  Overseer  
  67  5:39  Overseer  
  58  6:03  Hydralisk x3  
  58  6:04  Hydralisk x5  
  65  6:19  Drone x2  
  65  6:20  Drone x7  
  65  6:21  Drone x4  
  78  6:34  Lurker Den  
  78  6:38  Drone  
  78  6:39  Drone  
  81  6:40  Drone  
  81  6:46  Drone  
  81  6:47  Drone x2  
  84  6:48  Drone  
  84  6:50  Drone  
  86  6:57  Zerg Missile Weapons Level 1  
  86  6:58  Zerg Ground Armor Level 1  
  86  7:02  Hydralisk  
  86  7:03  Hydralisk  
  90  7:13  Overseer  
  90  7:16  Drone x5  
  90  7:17  Drone x2  
  90  7:20  Drone  
  96  7:34  Hydralisk x2  
  96  7:40  Overlord x6  
  96  7:41  Overlord  
  96  7:52  Overlord x3  
  96  8:01  Hydralisk x4  
  96  8:02  Hydralisk  
  96  8:03  Hydralisk  
  108  8:22  Lurker  
  108  8:23  Lurker x6  
  108  8:24  Lurker x3  
  108  8:26  Hydralisk  
  120  8:32  Hydralisk  
  120  8:33  Hydralisk  
  124  8:34  Hydralisk  
  126  8:47  Hydralisk x4  
  134  8:50  Hatchery  
  134  8:54  Hydralisk x2  
  137  8:55  Hydralisk  
  139  9:03  Hydralisk x2  
  139  9:09  Hydralisk x2  
  147  9:43  Hydralisk x4  
  147  9:44  Hydralisk x3  
  131  9:54  Hydralisk x5  
  131  9:55  Hydralisk x3  
  130  10:07  Hydralisk  
  130  10:08  Hydralisk x3  
  136  10:15  Hydralisk x3  
  136  10:18  Zergling x4  
  136  10:19  Zergling x8  
  144  10:27  Drone x3  
  144  10:28  Queen  
  120  11:00  Muscular Augments  
  120  11:01  Zerg Ground Armor Level 2, Zerg Missile Weapons Level 2  
  120  11:07  Drone x3  
  120  11:09  Extractor  
  120  11:10  Extractor  
  121  11:38  Hatchery  
  120  11:40  Overlord x6  
  120  11:47  Hatchery  
  119  12:01  Hydralisk x5  
  119  12:02  Spire, Hydralisk x6  
  119  12:03  Hydralisk x7  
  119  12:04  Hydralisk  
  156  12:10  Drone x4  
  156  12:11  Drone  
  159  12:30  Lurker  
  159  12:31  Lurker x5  
  159  12:32  Lurker x2  
  167  12:40  Drone x6  
  167  12:41  Drone x5  
  107  13:13  Hydralisk  
  107  13:14  Hydralisk x6  
  107  13:15  Hydralisk x7  
  107  13:16  Hydralisk  
  107  13:19  Hydralisk x2  
  120  13:30  Hydralisk x3  
  120  13:31  Hydralisk x2  
  110  13:39  Overseer x3  
  102  13:51  Corruptor x3  
  102  13:54  Corruptor  
  77  14:13  Corruptor x3  
  75  14:18  Lurker  
  75  14:22  Lurker  
Show
View Real Time Build Order
Export as new Build Order

ILLBdA Protoss - Winner!

Build Orders: Nexus First 

Get SALT Encoding   

  12  0:01  Probe (Chrono Boost)  
  13  0:11  Probe (Chrono Boost)  
  14  0:19  Pylon  
  14  0:22  Probe (Chrono Boost)  
  15  0:37  Probe (Chrono Boost)  
  16  0:48  Probe (Chrono Boost)  
  17  1:01  Nexus  
  17  1:09  Gateway  
  17  1:11  Probe (Chrono Boost)  
  17  1:18  Assimilator  
  18  1:22  Probe (Chrono Boost)  
  18  1:24  Assimilator  
  20  1:32  Probe (Chrono Boost)  
  20  1:43  Probe (Chrono Boost), Gateway  
  21  1:53  Probe (Chrono Boost)  
  22  1:57  Cybernetics Core  
  22  2:04  Probe (Chrono Boost)  
  23  2:15  Probe (Chrono Boost)  
  25  2:23  Probe (Chrono Boost), Pylon  
  25  2:25  Probe (Chrono Boost)  
  26  2:33  Probe (Chrono Boost)  
  26  2:35  Probe (Chrono Boost), Adept (Chrono Boost)  
  26  2:36  Adept (Chrono Boost)  
  32  2:37  Warp Gate  
  32  2:44  Pylon  
  32  2:50  Probe (Chrono Boost)  
  32  2:51  Probe (Chrono Boost)  
  34  3:02  Mothership Core (Chrono Boost)  
  36  3:10  Sentry  
  36  3:11  Gateway  
  36  3:13  Gateway  
  38  3:22  Probe (Chrono Boost)  
  38  3:24  Probe (Chrono Boost)  
  38  3:25  Twilight Council  
  40  3:28  Twilight Council  
  40  3:33  Probe (Chrono Boost)  
  41  3:35  Probe (Chrono Boost)  
  42  3:42  Assimilator  
  42  3:43  Probe (Chrono Boost)  
  42  3:44  Assimilator  
  42  3:46  Probe (Chrono Boost)  
  44  3:57  Probe (Chrono Boost)  
  44  4:00  Stalker x2  
  50  4:03  Probe (Chrono Boost)  
  50  4:10  Probe (Chrono Boost), Dark Shrine  
  50  4:13  Probe (Chrono Boost)  
  50  4:14  Pylon  
  52  4:21  Probe (Chrono Boost)  
  53  4:25  Pylon  
  53  4:27  Gateway  
  53  4:30  Gateway  
  53  4:40  Probe (Chrono Boost)  
  53  4:42  Resonating Glaives (Chrono Boost), Probe (Chrono Boost)  
  55  4:55  Probe  
  55  4:57  Pylon  
  56  5:01  Stargate  
  56  5:02  Stargate  
  56  5:11  Probe  
  57  5:21  Dark Templar x2  
  61  5:28  Dark Templar  
  63  5:43  Phoenix (Chrono Boost)  
  63  5:47  Phoenix (Chrono Boost)  
  63  5:48  Nexus  
  67  5:52  Pylon  
  67  5:59  Adept x2, Pylon  
  67  6:00  Adept  
  71  6:09  Phoenix  
  69  6:12  Phoenix  
  69  6:16  Zealot x3  
  79  6:19  Probe x2  
  81  6:31  Zealot, Phoenix  
  81  6:32  Zealot  
  85  6:37  Forge, Phoenix  
  89  6:42  Probe  
  90  6:51  Charge (Chrono Boost)  
  90  6:56  Zealot x2  
  94  7:02  Adept x2  
  94  7:03  Adept  
  100  7:09  Protoss Ground Weapons Level 1  
  100  7:11  Probe  
  101  7:18  Adept x2  
  101  7:19  Adept  
  107  7:31  Zealot  
  107  7:42  Gateway  
  107  7:44  Gateway  
  107  7:46  Pylon  
  107  7:52  Robotics Facility  
  107  7:55  Fleet Beacon  
  107  7:58  Phoenix  
  107  8:04  Probe x2, Phoenix  
  113  8:11  Adept x2  
  117  8:19  Pylon  
  117  8:37  Probe  
  117  8:39  Carrier (Chrono Boost)  
  124  8:43  Assimilator x2  
  124  8:45  Pylon  
  124  8:55  Pylon  
  124  9:02  Carrier (Chrono Boost)  
  124  9:08  Dark Templar  
  132  9:15  Pylon x2  
  132  9:16  Adept x4  
  140  9:23  Pylon  
  121  9:49  Observer  
  84  9:58  Carrier (Chrono Boost)  
  80  10:18  Carrier (Chrono Boost)  
  83  10:31  Zealot x5  
  83  10:52  Observer  
  83  10:53  Probe  
  83  10:54  Probe, Zealot x2  
  83  10:55  Zealot  
  92  11:03  Graviton Catapult (Chrono Boost)  
  92  11:09  Dark Templar x4, Carrier (Chrono Boost)  
  100  11:13  Archon x2  
  106  11:19  Zealot  
  106  11:20  Zealot x2  
  106  11:22  Probe  
  113  11:28  Probe  
  113  11:29  Probe  
  113  11:32  Protoss Ground Weapons Level 2 (Chrono Boost)  
  115  11:42  Dark Templar x2  
  115  11:46  Archon  
  119  11:51  Dark Templar x2  
  123  11:55  Archon  
  122  12:04  Pylon  
  122  12:06  Warp Prism  
  124  12:22  Zealot x3  
  126  13:01  Zealot x4  
  106  13:30  Zealot x2  
  110  13:52  Zealot x3  
  116  14:24  Zealot x3  
  122  14:37  Zealot x2  
Tags
 
Composition
Lurkers
Matchup
PvZ
Replay Pack
me
Add a new tag
Caveats
  • Supply blocks, unpowered buildings, or Contaminate may cause inaccurate times.
  • Supply counts are checked every 10 seconds.